 Dungeon Crawl Stone Soup version 0.26-a0-264-g3a471323bd (webtiles) character file.

Game seed: 14067647154234624725

52 Gargoyl the Skirmisher (level 3, -1/31 HPs)
             Began as a Centaur Abyssal Knight on July 11, 2020.
             Was a Follower of Lugonu.
             Slain by a wight
             ... wielding a +4 scimitar
              (7 damage)
             ... on level 3 of the Dungeon.
             The game lasted 00:02:18 (3110 turns).

Gargoyl the Skirmisher (Centaur Abyssal Knight)     Turns: 3110, Time: 00:02:19

Health: -1/31      AC:  5    Str: 14    XL:     3   Next: 60%
Magic:  4/4        EV:  8    Int: 11    God:    Lugonu [*.....]
Gold:   117        SH:  0    Dex:  9    Spells: 2/2 levels left

rFire    . . .     SeeInvis .   a - +2 hand axe
rCold    . . .     Faith    .   (no shield)
rNeg     . . .     Spirit   .   b - +1 leather armour
rPois    .         Reflect  .   (no helmet)
rElec    .         Harm     .   j - scarf {repulsion}
rCorr    .                      (no gloves)
MR       .....                  (no barding)
Stlth    ..........             (no amulet)
HPRegen  0.10/turn              (no ring)
MPRegen  0.09/turn              (no ring)

@: heavily drained, repel missiles, very quick
A: large, hooves 3, deformed body, speed 2, tough skin 3
a: Depart the Abyss, Renounce Religion


You were on level 3 of the Dungeon.
You worshipped Lugonu.
Lugonu was aware of your devotion.
You were not hungry.

You visited 1 branch of the dungeon, and saw 3 of its levels.
You visited the Abyss 1 time.

You collected 117 gold pieces.

Inventory:

Hand Weapons
 a - a +2 hand axe (weapon)
Armour
 b - a +1 leather armour (worn)
 j - a scarf of repulsion (worn)
Scrolls
 e - a scroll of magic mapping {unknown}
 f - 2 scrolls of identify
 g - a scroll of remove curse {unknown}
 i - a scroll of immolation {unknown}
Potions
 h - a potion of resistance {unknown}
 k - a potion of haste {unknown}
Comestibles
 c - 4 rations


   Skills:
 + Level 3.5(2.0) Fighting
 + Level 2.1(0.8) Axes
 * Level 2.0(0.6) Armour
 * Level 1.0(0.0) Dodging
 * Level 2.4(1.0) Invocations


You had 2 spell levels left.
You didn't know any spells.
Your spell library was empty.

Dungeon Overview and Level Annotations

Branches:
Dungeon (3/15)

Altars:
Okawaru
Qazlal

Annotations:
D:3 Grinder


Innate Abilities, Weirdness & Mutations

You have hooves in place of feet.
Armour fits poorly on your strangely shaped body.
You cover ground very quickly.
You have extremely tough skin. (AC +3)


Message History

You hit the wight.
The wight is heavily damaged.
The wight hits you with a cursed +0 long sword.
You bump into the rock wall.
You feel less invigorated.
You feel less confused.
You hit the wight but do no damage. You hit the wight.
Your kick misses the wight.
The wight is heavily damaged.
The wight hits you with a +4 scimitar!
You feel drained.
* * * LOW HITPOINT WARNING * * *
You hit the wight but do no damage.
The wight is heavily damaged.
The wight hits you with a +4 scimitar.
* * * LOW HITPOINT WARNING * * *
You feel drained.
* * * LOW HITPOINT WARNING * * *
You barely miss the wight.
The wight is heavily damaged.
The wight hits you with a +4 scimitar!
You die...

#.......... ... #........
#.#### ##._8_..# #.#..
#.......# #.#.#######
#.......######.#.##.....
.....................####
########z#####..######
#z# #.## #@#####.#
#.......# #########


You could see 2 wights.

Vanquished Creatures
  An adder (D:2)
  2 worms (D:2)
  2 dart slugs (D:1)
  A leopard gecko (D:3)
  A ball python (D:2)
  7 bats
  3 hobgoblins
  4 jackals (D:2)
  A quokka (D:2)
  3 frilled lizards (D:1)
  4 goblins (D:2)
  2 kobolds (D:2)
31 creatures vanquished.

Notes
Turn   | Place    | Note
-------+----------+-------------------------------------------
     0 | Abyss:1  | Gargoyl the Centaur Abyssal Knight began the quest for the
                  | Orb.
     0 | Abyss:1  | Reached XP level 1. HP: 19/19 MP: 2/2
    33 | Abyss:1  | Noticed a lich
    35 | D:1      | Escaped the Abyss
   498 | D:1      | Reached XP level 2. HP: 26/26 MP: 3/3
   860 | D:2      | Reached * piety under Lugonu
   861 | D:2      | Found a faded altar of an unknown god.
  1626 | D:2      | Reached XP level 3. HP: 28/31 MP: 4/4
  2101 | D:2      | Reached skill level 1 in Dodging
  2838 | D:3      | Noticed Grinder
  2839 | D:3      | Paralysed by Grinder for 5 turns
  2916 | D:3      | Found an iron altar of Okawaru.
  3089 | D:3      | Found a stormy altar of Qazlal.
  3091 | D:3      | Found an iron altar of Okawaru.
  3110 | D:3      | Slain by a wight

Illustrated notes

Levels and vault maps discovered:
D:1:      minmay_arrival_stair_chambers, layout_rooms, kennysheep_boxes
D:2:      layout_loops_ring, serial_co_window_serial, co_window_cross_1,
          co_window_paths_a, co_window_paths_a, co_window_corner_a,
          co_window_corner_a, co_window_broadway_a, co_window_unsneaky_path_c,
          co_window_of_opportunity_b, co_window_unsneaky_path_e,
          co_window_2corner, co_window_4corner_a, co_window_4corner_b,
          glass_columns_b, glass_columns_b, glass_columns_a, glass_columns_a,
          glass_columns_b, chequers_ecumenical_altar_simple
D:3:      layout_loops_ring, chequers_temple_overflow_statue_of_worship,
          first_ration, okawaru_metal_pillars_3, uniq_grinder

Skill      XL: |  1  2  3 |
---------------+----------+-----
Axes           | 2 |  2.1
Dodging        | 1 |  1.0
Armour         | 2 |  2.0
Fighting       | |  3.5
Invocations    | |  2.4

Action                   || total
-------------------------++-------
Melee: Hand axe          ||    96
       Kick              ||    15
Invok: Depart the Abyss  ||     1
  Use: Scroll            ||     3
       Potion            ||     1
  Eat: Ration            ||     2
Armor: Leather armour    ||    44
Dodge: Dodged            ||    56

Table legend:
 A = Non-vault XP
 B = Vault XP
 C = Vault XP percentage of total XP
 D = Non-vault monster count
 E = Vault monster count
 F = Vault count percentage of total count
                 A         B        C        D         E       F
            +---------+---------+-------+---------+---------+-------
      Total |      75 |       0 |   0.0 |      31 |       0 |   0.0
            +---------+---------+-------+---------+---------+-------
        D:1 |      13 |       0 |   0.0 |       6 |       0 |   0.0
        D:2 |      57 |       0 |   0.0 |      23 |       0 |   0.0
        D:3 |       5 |       0 |   0.0 |       2 |       0 |   0.0
            +---------+---------+-------+---------+---------+-------
